 Dungeon Crawl Stone Soup version 0.23.2-33-g5129a83184 (webtiles) character file.

Game seed: 17361816336872471708

282 Essalna the Magician (level 6, -2/44 HPs)
             Began as a Gnoll Wizard on July 13, 2019.
             Was an Initiate of Ashenzari.
             Slain by a slave (10 damage)
             ... led by Pikel
             ... on level 4 of the Dungeon.
             The game lasted 00:06:40 (3364 turns).

Essalna the Magician (Gnoll Wizard)                 Turns: 3364, Time: 00:06:40

Health: -2/44      AC:  2    Str: 10    XL:     6   Next: 28%
Magic:  16/16      EV: 14    Int: 22    God:    Ashenzari [......]
Gold:   167        SH:  0    Dex: 13    Spells: 18/19 levels left

rFire    . . .     SeeInvis .   h - +1 whip (elec)
rCold    . . .     Gourm    .   (no shield)
rNeg     . . .     Faith    .   a - +0 robe
rPois    .         Spirit   .   b - +0 hat
rElec    .         Reflect  .   (no cloak)
rCorr    .         Harm     .   (no gloves)
MR       .....                  (no boots)
Stlth    +++.......             (no amulet)
HPRegen  0.14/turn              (no ring)
MPRegen  0.15/turn              (no ring)

@: no status effects
A: distributed training, fangs 1, strong nose
a: Curse Item, Renounce Religion


You were on level 4 of the Dungeon.
You worshipped Ashenzari.
Ashenzari was noncommittal.
You were hungry.

You visited 1 branch of the dungeon, and saw 5 of its levels.

You collected 167 gold pieces.

Inventory:

Hand Weapons
 e - a +0 dagger
 h - a +1 whip of electrocution (weapon)
Armour
 a - a +0 robe (worn)
 b - a +0 hat (worn)
 q - a +0 pair of gloves
Magical Staves
 p - an uncursed staff of fire
Wands
 s - a wand of flame (24)
 t - a wand of acid (5)
Scrolls
 c - 2 scrolls of enchant weapon {unknown}
 f - 2 scrolls of fear {unknown}
 g - 2 scrolls of identify {unknown}
 j - 2 scrolls of noise {unknown}
 k - a scroll of random uselessness {unknown}
 m - a scroll of blinking {unknown}
 n - a scroll of enchant armour {unknown}
 o - a scroll of teleportation {unknown}
 u - a scroll of immolation {unknown}
Potions
 i - 2 potions of haste {unknown}
 l - 2 potions of heal wounds {unknown}
 r - a potion of flight {unknown}
Comestibles
 d - 4 rations


   Skills:
 + Level 1.8 Fighting
 + Level 1.8 Short Blades
 + Level 1.8 Long Blades
 + Level 1.8 Axes
 + Level 1.8 Maces & Flails
 + Level 1.8 Polearms
 + Level 1.8 Staves
 + Level 1.8 Slings
 + Level 1.8 Bows
 + Level 1.8 Crossbows
 + Level 1.8 Throwing
 + Level 1.8 Armour
 + Level 4.9 Dodging
 + Level 4.5 Stealth
 + Level 1.8 Shields
 + Level 1.8 Unarmed Combat
 + Level 7.4 Spellcasting
 + Level 2.6 Conjurations
 + Level 1.4 Hexes
 + Level 1.4 Charms
 + Level 2.6 Summonings
 + Level 1.4 Necromancy
 + Level 2.6 Translocations
 + Level 1.4 Transmutations
 + Level 1.4 Fire Magic
 + Level 1.4 Ice Magic
 + Level 1.4 Air Magic
 + Level 1.4 Earth Magic
 + Level 1.4 Poison Magic
 + Level 2.0 Invocations
 + Level 1.8 Evocations


You had 18 spell levels left.
You knew the following spells:

 Your Spells              Type           Power        Failure   Level  Hunger
a - Magic Dart            Conj           ###.         2%          1    None

Your spell library contained the following spells:

 Spells                   Type           Power        Failure   Level  Hunger
 Blink                    Tloc           N/A          4%          2    None
 Call Imp                 Summ           ###.....     4%          2    None
 Slow                     Hex            ##......     7%          2    None
 Conjure Flame            Conj/Fire      ###.....     11%         3    None
 Mephitic Cloud           Conj/Pois/Air  ###.....     11%         3    None


Dungeon Overview and Level Annotations

Branches:
Dungeon (5/15)
 Temple: D:4-7

Altars:
Ashenzari
Dithmenos
Uskayaw

Annotations:
D:5 Dowan, Duvessa, Pikel


Innate Abilities, Weirdness & Mutations

Your experience applies equally to all skills.
You have very sharp teeth.
Your uncanny sense of smell can sniff out nearby items.


Message History

You barely miss the slave.
The slave is moderately wounded.
The slave completely misses you.
You closely miss the slave.
The slave is moderately wounded.
The slave hits you.
You are too injured to fight recklessly!
You are too injured to fight recklessly!
You barely miss the slave.
The slave is moderately wounded.
The slave hits you.
You hit the slave but do no damage.
The slave is moderately wounded.
The slave hits you!
* * * LOW HITPOINT WARNING * * *
You hit the slave but do no damage. Lightning courses through the slave!
You bite the slave, but do no damage.
The slave is severely wounded.
The slave hits you!
You die...

.....................##...####.##
.....#.........####............[.
.....##...#..รท.#
#...............
....##########.###..............#
>..## #...#.#.##..#.....[. ####
#.#...#.##..#.##....
##...................
#..p.##.........#####
######.##@##.........#####
#.......#.##..............
##.......#............##...
###........##.......>...##...
##..........#.........##.##...
#........[..#.#.......#..##...
#.....................#.##....
#....#######.............)....
#....# ####.##........##.##.#


You could see a slave.

Vanquished Creatures
  An ogre (D:4)
  5 adders
  7 gnolls
  3 worms (D:2)
  3 dart slugs
  A leopard gecko (D:4)
  3 ball pythons
  5 giant cockroaches
  6 goblins
  8 hobgoblins
  8 jackals
  9 bats
  5 frilled lizards
  5 kobolds
  10 rats
79 creatures vanquished.

Notes
Turn   | Place    | Note
-------+----------+-------------------------------------------
     0 | D:1      | Essalna the Gnoll Wizard began the quest for the Orb.
     0 | D:1      | Reached XP level 1. HP: 13/13 MP: 8/8
   281 | D:1      | Reached XP level 2. HP: 19/19 MP: 10/10
   532 | D:1      | Reached XP level 3. HP: 21/25 MP: 11/11
  1068 | D:2      | Reached skill level 1 in Invocations
  1192 | D:2      | Found a shadowy altar of Dithmenos.
  1269 | D:2      | Reached skill level 1 in Fighting
  1269 | D:2      | Reached skill level 1 in Short Blades
  1269 | D:2      | Reached skill level 1 in Long Blades
  1269 | D:2      | Reached skill level 1 in Axes
  1269 | D:2      | Reached skill level 1 in Maces & Flails
  1269 | D:2      | Reached skill level 1 in Polearms
  1269 | D:2      | Reached skill level 1 in Staves
  1269 | D:2      | Reached skill level 1 in Slings
  1269 | D:2      | Reached skill level 1 in Bows
  1269 | D:2      | Reached skill level 1 in Crossbows
  1269 | D:2      | Reached skill level 1 in Throwing
  1269 | D:2      | Reached skill level 1 in Armour
  1269 | D:2      | Reached skill level 1 in Shields
  1269 | D:2      | Reached skill level 1 in Unarmed Combat
  1269 | D:2      | Reached skill level 1 in Evocations
  1309 | D:2      | Reached XP level 4. HP: 29/32 MP: 13/13
  1585 | D:3      | Reached skill level 1 in Hexes
  1585 | D:3      | Reached skill level 1 in Charms
  1585 | D:3      | Reached skill level 1 in Necromancy
  1585 | D:3      | Reached skill level 1 in Transmutations
  1585 | D:3      | Reached skill level 1 in Fire Magic
  1585 | D:3      | Reached skill level 1 in Ice Magic
  1585 | D:3      | Reached skill level 1 in Air Magic
  1585 | D:3      | Reached skill level 1 in Earth Magic
  1585 | D:3      | Reached skill level 1 in Poison Magic
  1803 | D:2      | Reached XP level 5. HP: 20/37 MP: 8/14
  2168 | D:2      | Found a shattered altar of Ashenzari.
  2168 | D:2      | Found a hide-covered altar of Uskayaw.
  2174 | D:2      | Became a worshipper of Ashenzari the Shackled
  2684 | D:4      | Noticed an ogre
  2709 | D:4      | Killed an ogre
  2709 | D:4      | Reached XP level 6. HP: 10/44 MP: 13/16
  3347 | D:5      | Entered Level 5 of the Dungeon
  3347 | D:5      | Noticed Dowan
  3347 | D:5      | Noticed Pikel
  3347 | D:5      | Noticed a slave
  3347 | D:5      | Noticed a slave
  3347 | D:5      | Noticed a slave
  3347 | D:5      | Noticed a slave
  3348 | D:5      | Noticed Duvessa
  3364 | D:4      | Slain by a slave

Skill      XL: |  1  2  3  4  5 |
---------------+----------------+-----
Conjurations   | 2 |  2.6
Summonings     | 2 |  2.6
Translocations | 2 |  2.6
Invocations    | 1 2 |  2.0
Fighting       | 1 |  1.8
Short Blades   | 1 |  1.8
Long Blades    | 1 |  1.8
Axes           | 1 |  1.8
Maces & Flails | 1 |  1.8
Polearms       | 1 |  1.8
Staves         | 1 |  1.8
Slings         | 1 |  1.8
Bows           | 1 |  1.8
Crossbows      | 1 |  1.8
Throwing       | 1 |  1.8
Armour         | 1 |  1.8
Shields        | 1 |  1.8
Unarmed Combat | 1 |  1.8
Evocations     | 1 |  1.8
Hexes          | 1 |  1.4
Charms         | 1 |  1.4
Necromancy     | 1 |  1.4
Transmutations | 1 |  1.4
Fire Magic     | 1 |  1.4
Ice Magic      | 1 |  1.4
Air Magic      | 1 |  1.4
Earth Magic    | 1 |  1.4
Poison Magic   | 1 |  1.4
Dodging        | |  4.9
Stealth        | |  4.5
Spellcasting   | |  7.4

Action                   |  1- 3 |  4- 6 || total
-------------------------+-------+-------++-------
Melee: Unarmed           |    25 |       ||    25
       Whip              |    95 |    64 ||   159
       Bite              |     8 |     6 ||    14
       Dagger            |     2 |       ||     2
 Cast: Magic Dart        |    10 |    59 ||    69
 Stab: Sleeping          |    14 |     5 ||    19
  Eat: Chunk             |     1 |     6 ||     7
Armor: Robe              |    17 |    18 ||    35
Dodge: Dodged            |    88 |    61 ||   149
